AoeStats
← Raul Selección

Lombardia

509940621Analyzed
4v4 RM · 3d ago on Sep 28, 2026· 40m 34s· 8 players
Game mode
Random Map
Map size
Large (8 player)
Population
200
Speed
Normal
Resources
Standard
Victory
Conquest
Starting age
Dark Age
Ending age
Imperial Age
RankedLock teamsTeams togetherTeam positionsShared explorationLock speedFull tech treeHidden civsTurbo modeCheats
Victory
Defeat
🇨🇳 Wei · China
1115
+12
🇹🇷 Britons · Türkiye
1086
+13
🇦🇷 Ethiopians · Argentina
1062
+14
🇧🇷 Saracens · Brazil
1036
+14
🇫🇷 Varangians · France
1025
-14
🇪🇸 Danes · Spain
1016
-13
🇪🇸 Italians · Spain
1014
-13
🇬🇬 Britons · Guernsey
1013
-13
Renannve
8:58 Loom
11:26 Feudal Age
12:53 Wheelbarrow
12:40 Double-Bit Axe
12:45 Horse Collar
17:23 Castle Age
16:33 Gold Mining
19:07 Bow Saw
25:15 Heavy Plow
25:21 Husbandry
29:18 Gold Shaft Mining
31:44 Imperial Age
30:14 Hand Cart
30:18 Light Cavalry
31:09 Bloodlines
33:25 Chemistry
31:53 Heavy Camel Rider
32:57 Conscription
34:01 Hussar
37:36 Two-Man Saw
40:11 Elite Mameluke
40:58 Scale Barding Armor
BlueKID
11:00 Feudal Age
11:57 Double-Bit Axe
11:53 Horse Collar
16:21 Castle Age
15:07 Gold Mining
15:54 Stone Mining
17:17 Bow Saw
17:44 Heavy Plow
18:32 Heavy Plow
19:23 Wheelbarrow
19:07 Loom
22:19 Gold Shaft Mining
24:12 Bloodlines
24:02 Husbandry
24:45 Husbandry
26:01 Scale Barding Armor
27:17 Hand Cart
27:37 Town Watch
36:30 Imperial Age
35:24 Stone Shaft Mining
35:00 Forging
35:14 Chain Barding Armor
35:08 Masonry
37:11 Iron Casting
36:45 Heavy Hei Guang Cavalry
37:57 Crop Rotation
39:40 Blast Furnace
kinqpinq
0:37 Loom
12:47 Feudal Age
13:22 Town Watch
13:38 Double-Bit Axe
20:59 Castle Age
19:04 Stone Mining
19:25 Padded Archer Armor
19:50 Gold Mining
20:31 Fletching
36:52 Leather Archer Armor
37:20 Masonry
37:21 Fortified Wall
37:48 Bodkin Arrow
38:25 Ballistics
40:44 Wheelbarrow
40:12 Town Patrol
nehuen251
7:56 Loom
10:25 Feudal Age
15:51 Castle Age
14:07 Double-Bit Axe
14:55 Fletching
15:55 Crossbowman
16:34 Bodkin Arrow
26:45 Horse Collar
31:31 Thumb Ring
31:45 Thumb Ring
32:31 Padded Archer Armor
36:24 Bow Saw
> NUTS <
3:41 Loom
13:06 Feudal Age
17:38 Castle Age
15:48 Stone Mining
16:59 Gold Mining
18:30 Husbandry
17:52 Light Cavalry
27:22 Horse Collar
28:12 Town Watch
29:45 Scale Barding Armor
32:43 Chain Barding Armor
33:36 Town Patrol
37:44 Padded Archer Armor
37:35 Fletching
38:11 Yeomen
39:25 Bodkin Arrow
3loi1123
5:40 Loom
11:18 Feudal Age
12:02 Double-Bit Axe
18:47 Castle Age
18:12 Horse Collar
19:48 Bow Saw
22:39 Town Watch
23:30 Wheelbarrow
29:03 Hand Cart
29:13 Scale Mail Armor
29:24 Forging
31:20 Squires
31:06 Arson
32:38 Pikeman
36:24 Heavy Plow
Raul Selección
6:53 Loom
11:42 Feudal Age
15:41 Bloodlines
18:57 Castle Age
22:57 Double-Bit Axe
22:54 Horse Collar
25:29 Fletching
32:06 Ballistics
31:59 Heavy Plow
31:58 Bodkin Arrow
32:03 Padded Archer Armor
36:09 Imperial Age
35:02 Thumb Ring
34:18 Elite Skirmisher
35:35 Bow Saw
Soinard
Connection lost

Rejoining the realm…

Still unreachable

The connection could not be restored.

Session expired

The server has moved on; the page needs a fresh start.